 Dungeon Crawl Stone Soup version 0.30.0-20-g3615ddf2f0 (webtiles) character file.

Game seed: 4959367048597397930

102109 qw the Severer (level 16, -6/104 HPs)
             Began as a Gargoyle Fighter on May 29, 2023.
             Was a Priest of Okawaru.
             Killed by divine providence
             ... invoked by Saint Roka
              (12 damage)
             ... on level 2 of the Orcish Mines.
             The game lasted 00:14:50 (25525 turns).

qw the Severer (Gargoyle Fighter)                  Turns: 25525, Time: 00:14:50

Health: -6/104     AC: 46    Str: 28    XL:     16   Next: 32%
Magic:  23/23      EV: 15    Int:  9    God:    Okawaru [***...]
Gold:   1297       SH: 13    Dex:  9    Spells: 15/15 levels left

rFire   + . .        Y - +1 war axe (freeze)
rCold   + . .        w - +0 kite shield
rNeg    + . .        g - +3 plate armour {rC+}
rPois   inf          h - +1 helmet
rElec   +            k - +0 cloak
rCorr   .            q - +2 pair of gloves
SInv    .            C - +1 pair of boots
Will    +....        v - amulet of regeneration Stlth
                     l - +5 ring of evasion
HPRegen 1.17/turn    p - +4 ring of protection
MPRegen 0.18/turn

%: no passive effects
@: about to teleport, heroic, corroded, flying
A: sickness immunity, AC +12, big wings, negative energy resistance 1,
electricity resistance, torment resistance 1, petrification resistance,
iridescent scales 1, fire resistance 1, screaming 1, subdued magic 1
a: Renounce Religion, Heroism


You were on level 2 of the Orcish Mines.
You worshipped Okawaru.
Okawaru was most pleased with you.
You visited 4 branches of the dungeon, and saw 23 of its levels.

You collected 2945 gold pieces.
You spent 1648 gold pieces at shops.


Innate Abilities, Weirdness & Mutations

You are immune to sickness and miasma.
Your stone body is resilient. (AC +12)
You are immune to poison.
Your large and strong wings let you fly.
You resist negative energy. (rN+)
You are resistant to electric shocks. (rElec)
You are resistant to unholy torment.
You are immune to petrification.
You are partially covered in iridescent scales. (AC +2)
Your flesh is heat resistant. (rF+)
You occasionally shout uncontrollably at your foes.
Your spells are a little easier to cast, but a little less powerful.


   Skills:
 + Level 13.4(18.4) Fighting
 - Level 16.0(21.0) Axes
 - Level 6.0(11.0) Throwing
 - Level 13.0(18.0) Armour
 - Level 4.1(9.1) Dodging
 - Level 13.5(18.5) Shields
 - Level 10.0 Invocations


You had 15 spell levels left.
You didn't know any spells.
Your spell library was empty.

Inventory:

Hand Weapons
 x - a +1 demon whip of venom
 Y - a +1 war axe of freezing (weapon)
Missiles
 u - 12 boomerangs
 B - 5 javelins (quivered)
Armour
 g - a +3 plate armour of cold resistance (worn)
 h - a +1 helmet (worn)
 j - a +3 chain mail of fire resistance
 k - a +0 cloak (worn)
 q - a +2 pair of gloves (worn)
 w - a +0 kite shield (worn)
 C - a +1 pair of boots (worn)
Jewellery
 e - a ring of fire
 l - a +5 ring of evasion (left hand)
 o - a ring of protection from cold
 p - a +4 ring of protection (right hand)
 v - an amulet of regeneration (around neck)
 y - the ring "Kiuhat Vogoe" {rF+ Dex+6}
   (You found it on level 11 of the Dungeon)

   [ring of dexterity]

   Dex:       It affects your dexterity (+6).
   rF:        It protects you from fire.
Wands
 m - a wand of digging (3)
Scrolls
 i - 10 scrolls of identify
Potions
 a - a potion of curing
 b - 5 potions of lignification
 c - 3 potions of mutation
 d - 3 potions of might
 f - 5 potions of haste
 n - 4 potions of resistance
 r - a potion of magic
 s - a potion of cancellation
 t - 6 potions of attraction

Dungeon Overview and Level Annotations

Branches:
Dungeon (15/15)            Temple (1/1) D:7            Lair (5/5) D:8
 Shoals (0/4) Lair:3        Snake (0/4) Lair:2        Slime (0/5) Lair:4
    Orc (2/2) D:11            Elf (0/3) Orc:2        Vaults (0/5) D:13
 Depths (0/4) D:15

Altars:
Ashenzari
Cheibriados
Dithmenos
Elyvilon
Fedhas
Gozag
Hepliaklqana
Kikubaaqudgha
Makhleb
Nemelex Xobeh
Okawaru
Qazlal
Ru
Sif Muna
Trog
Uskayaw
Vehumet
Wu Jian
Xom
Yredelemnul
Zin
The Shining One
Jiyva

Shops:
D:1 (*   D:2 ?   D:3 !   D:4 [   D:8 (   D:11 :[=   D:13 (

Portals:
Trove: D:13 (give +7 demon whip)

Annotations:
Lair:4 1 runed translucent door, qw's ghost, journeyman GrFi
Lair:5 2 transporters, qw's ghost, journeyman GrFi
Orc:2 Saint Roka


Message History

Enter note:
Enter note:
Enter note:
Enter note:
Enter note:
Enter note:
Enter note:
Enter note: You hit the orc warrior.
You freeze the orc warrior.
The orc warrior is almost dead.
You closely miss the orc knight. x2; You hit Saint Roka but do no damage.
You barely miss the orc warrior.
The orc knight no longer looks unusually strong.
The orc warrior no longer looks unusually strong.
The orc knight no longer looks unusually strong.
You block the orc knight's attack. x2; The orc warrior barely misses you.
Saint Roka roars a battlecry!
The orcs go into a battle-frenzy!
The orc knight hits you with a +0 war axe!
The orange demon stings you but does no damage.
Enter note:
Enter note:
Enter note:
Enter note:
Enter note:
Enter note:
Enter note:
Enter note:
25525 ||| READING scroll of teleportation.
As you read the scroll of teleportation, it crumbles to dust.
You feel strangely unstable.
The orc high priest no longer looks unusually strong.
The orc warrior no longer looks unusually strong.
The orc no longer looks unusually strong.
The orc knight completely misses you. You block the orc warrior's attack.
The orc knight hits you from afar with a +0 halberd!
An orc warrior comes into view. It is wielding a +0 dire flail.
Saint Roka invokes the aid of Beogh against you.
Beogh smites you!
You die...

###))))........#.......#.......#
###)).........................#
#.)))).......................##
#..)).....#................### #
#.......)......#............##
.##......).......#.............##
..#)..........3oo.#........#....#
#.#......o.o.o.oo...).......##.##
.........o4.o4oo@.))..)......###
............4o4ooo.))...)....#
............o.o.............##
#.#.........................#
..#.........................#
.##....................#.#.##
###...................#.#.##
#........................
#..............


You could see Saint Roka (strong), 4 orc knights, 2 orc high priests, an orange
demon (summoned), a hellwing (summoned), an ice devil (summoned), a smoke demon
(summoned), a chaos spawn (summoned), 6 orc warriors, 2 orc priests and 2 orcs.

Vanquished Creatures
  Gastronok (Lair:1)
  An orc warlord (Orc:1)
  A stone giant (D:15)
  4 dire elephants (Lair:5)
  5 hydras
  2 ogre magi (D:15)
  2 boulder beetles
  12 two-headed ogres
  2 centaur warriors
  10 death yaks
  2 orc high priests (Orc:2)
  2 tengu warriors (D:15)
  Sonja (Lair:5)
  8 skeletal warriors
  A spectral death yak (Lair:5)
  2 skysharks
  Lodul (D:10)
  Amaemon (D:8)
  A deep troll (D:15)
  A sixfirhy (D:13)
  A spectral anaconda (Lair:5)
  A swamp dragon (shapeshifter) (D:13)
  4 necromancers (Lair:5)
  8 orc knights
  An obsidian statue (Lair:5)
  3 deep elf pyromancers
  A deep elf zephyrmancer (D:13)
  2 orc sorcerers
  7 ugly things
  7 manticores
  4 cyclopes
  A dire elephant zombie (Lair:5)
  A black mamba (shapeshifter) (D:13)
  14 elephants
  7 black mambas
  Joseph (D:8)
  Maggie (D:10)
  4 gargoyles (D:8)
  A torpor snail (Lair:4)
  An orange demon (D:8)
  An unseen horror (D:6)
  Psyche (D:8)
  2 rime drakes
  10 cane toads
  8 komodo dragons
  A kobold demonologist (D:10)
  2 efreet
  2 tengu conjurers (D:15)
  3 polar bears
  4 trolls
  2 hornets
  A tarantella (shapeshifter) (D:13)
  Prince Ribbit (D:8)
  5 raiju (D:13)
  7 blink frogs
  Sigmund (D:3)
  7 slime creatures
  39 yaks
  5 shadows
  A hog (shapeshifter) (D:13)
  3 fire bats (Lair:5)
  4 wraiths
  3 wyverns
  A human (shapeshifter) (D:15)
  4 basilisks
  4 vampire mosquitoes (D:10)
  4 steam dragons
  A spectral cane toad (Lair:5)
  2 nagas (Lair:2)
  5 wargs
  3 acid dragons
  14 water moccasins
  37 orc warriors
  An elephant zombie (Lair:5)
  9 ice beasts
  3 sky beasts
  3 black bears
  23 ogres
  4 boggarts (Lair:5)
  6 centaurs
  5 wolves
  3 phantoms (D:5)
  2 elephant skeletons (Lair:5)
  Blork the orc (D:6)
  A kobold brigand (D:6)
  17 bullfrogs
  A gnoll sergeant (D:9)
  6 scorpions
  13 wights
  3 elephant simulacra (Lair:5)
  15 killer bees
  5 howler monkeys
  3 hounds
  30 orc priests
  A centaur zombie (D:4)
  4 jellies
  Ijyb (D:3)
  5 iguanas
  Terence (D:2)
  A scorpion zombie (D:4)
  11 orc wizards
  Robin (D:2)
  6 gnolls
  7 adders
  4 shadow imps
  A white imp (D:5)
  3 ufetubi
  A dart slug (D:1)
  77 orcs
  5 ball pythons
  11 bats
  12 endoplasms
  5 giant cockroaches
  13 goblins
  16 hobgoblins
  8 jackals
  5 quokkas
  3 frilled lizards
  18 kobolds
  9 rats
701 creatures vanquished.

Vanquished Creatures (others)
  2 electric eels (D:12)
2 creatures vanquished.

Grand Total: 703 creatures vanquished

Notes
Turn   | Place    | Note
-------+----------+-------------------------------------------
     0 | D:1      | qw the Gargoyle Fighter began the quest for the Orb.
     0 | D:1      | Reached XP level 1. HP: 14/14 MP: 1/1
     0 | D:1      | 0 ||| qw: Version: 0.2-a-101-gf424e7f
     0 | D:1      | 0 ||| qw: Game counter: 316
     0 | D:1      | 0 ||| qw: Always use a shield: true
     0 | D:1      | 0 ||| qw: God list: Okawaru
     0 | D:1      | 0 ||| qw: Allow faded altars: false
     0 | D:1      | 0 ||| qw: Do Orc after D:15 true
     0 | D:1      | 0 ||| qw: Do second Lair branch before Depths: true
     0 | D:1      | 0 ||| qw: Lair rune preference: random
     0 | D:1      | 0 ||| qw: Plans: Normal, Zot:1-4, Slime:5, God:TSO, Crypt,
                  | Tomb, Pan, Hells, Abyss, Win
     0 | D:1      | 0 ||| PLANNING D:1-11
    11 | D:1      | 11 ||| Stepping ~*~*~tactically~*~*~ (water).
    25 | D:1      | Reached skill level 2 in Axes
    65 | D:1      | 65 ||| Stepping ~*~*~tactically~*~*~ (hiding).
   197 | D:1      | Reached XP level 2. HP: 19/19 MP: 2/2
   219 | D:1      | 219 ||| Stepping ~*~*~tactically~*~*~ (stealth).
   307 | D:1      | Reached skill level 3 in Axes
   355 | D:1      | Reached XP level 3. HP: 23/23 MP: 3/3
   589 | D:1      | Found a faded altar of an unknown god.
   620 | D:1      | Found Hotoh's Antique Weapon Shop.
   623 | D:1      | Found Dofine's General Store.
   632 | D:1      | 632 ||| SHOPLISTING flail (94 gold, have 52).
   637 | D:1      | 637 ||| BUYING scroll of identify (24 gold).
   637 | D:1      | Bought a scroll of identify for 24 gold pieces
   637 | D:1      | 637 ||| BUYING scroll of identify (24 gold).
   637 | D:1      | Bought a scroll of identify for 24 gold pieces
   746 | D:1      | 746 ||| DROPPING +2 ring mail of poison resistance.
   747 | D:1      | 747 ||| UPGRADING to +0 chain mail.
   757 | D:1      | 757 ||| DROPPING +0 scale mail.
   758 | D:1      | 758 ||| READING scroll labelled KECKOZ OTANI.
   759 | D:1      | 759 ||| READING scroll labelled MOQUNA DIOKHOI.
   760 | D:1      | 760 ||| READING scroll labelled SAKAIVOETE.
   861 | D:1      | 861 ||| READING scroll labelled SOTIST UNKETUO.
   864 | D:1      | 864 ||| READING scroll labelled RURURH VESOT.
   865 | D:1      | 865 ||| READING 3 scrolls of identify.
   865 | D:1      | 865 ||| IDENTIFYING amethyst potion
   866 | D:1      | 866 ||| READING 2 scrolls of identify.
   866 | D:1      | 866 ||| IDENTIFYING white potion
   867 | D:1      | 867 ||| DRINKING potion of experience.
   867 | D:1      | Reached skill level 10 in Axes
   867 | D:1      | Reached XP level 4. HP: 28/28 MP: 4/4
  1161 | D:2      | Noticed an ogre
  1165 | D:2      | HP: 5/28 [ogre/+0 giant club (23)]
  1166 | D:2      | 1166 ||| DRINKING potion of heal wounds.
  1168 | D:2      | HP: 1/28 [ogre/+0 giant club (11)]
  1170 | D:2      | Killed an ogre
  1171 | D:2      | Reached XP level 5. HP: 1/33 MP: 5/5
  1349 | D:2      | Noticed Terence
  1350 | D:2      | 1350 ||| Stepping ~*~*~tactically~*~*~ (hiding).
  1361 | D:2      | Noticed Robin
  1366 | D:2      | Killed Terence
  1375 | D:2      | Killed Robin
  1376 | D:2      | Reached skill level 1 in Dodging
  1376 | D:2      | Reached XP level 6. HP: 37/38 MP: 6/6
  1388 | D:2      | 1388 ||| Stepping ~*~*~tactically~*~*~ (stealth).
  1406 | D:2      | 1406 ||| Stepping ~*~*~tactically~*~*~ (stealth).
  1415 | D:2      | Found Ehoahorui's Magic Scroll Shop.
  1423 | D:2      | 1423 ||| BUYING scroll of enchant armour (90 gold).
  1423 | D:2      | Bought a scroll of enchant armour for 90 gold pieces
  1423 | D:2      | 1423 ||| SHOPLISTING scroll of enchant armour (90 gold,
                  | have 15).
  1423 | D:2      | 1423 ||| SHOPLISTING scroll of enchant weapon (90 gold,
                  | have 15).
  1423 | D:2      | 1423 ||| SHOPLISTING scroll of identify (24 gold, have 15).
  1423 | D:2      | 1423 ||| SHOPLISTING scroll of teleportation (36 gold, have
                  | 15).
  1430 | D:2      | 1430 ||| Stepping ~*~*~tactically~*~*~ (stealth).
  1638 | D:2      | 1638 ||| UPGRADING to +0 helmet.
  1643 | D:2      | 1643 ||| READING scroll of enchant armour.
  1643 | D:2      | 1643 ||| ENCHANTING +0 helmet.
  1644 | D:2      | 1644 ||| READING scroll labelled DOANAI TENK.
  1645 | D:2      | 1645 ||| READING scroll labelled ZIAGYP GULIADD.
  1646 | D:2      | 1646 ||| READING scroll labelled WULIEWORYSH.
  1675 | D:2      | 1675 ||| READING 3 scrolls of identify.
  1675 | D:2      | 1675 ||| IDENTIFYING sedimented sapphire potion
  1713 | D:3      | Noticed Sigmund
  1714 | D:3      | 1714 ||| Stepping ~*~*~tactically~*~*~ (hiding).
  1715 | D:3      | 1715 ||| Stepping ~*~*~tactically~*~*~ (hiding).
  1716 | D:3      | 1716 ||| Stepping ~*~*~tactically~*~*~ (hiding).
  1724 | D:3      | Killed Sigmund
  1730 | D:3      | 1730 ||| FLEEEEING.
  1731 | D:3      | 1731 ||| FLEEEEING.
  1732 | D:3      | 1732 ||| FLEEEEING.
  1733 | D:3      | 1733 ||| FLEEEEING.
  1734 | D:3      | 1734 ||| FLEEEEING.
  1735 | D:3      | 1735 ||| FLEEEEING.
  1736 | D:3      | 1736 ||| FLEEEEING.
  1737 | D:3      | 1737 ||| STAIRDANCE
  1776 | D:3      | 1776 ||| STAIRDANCE
  1819 | D:3      | Found a hazy altar of Hepliaklqana.
  1886 | D:3      | Found Doiseri's Distillery.
  1908 | D:3      | 1908 ||| SHOPLISTING potion of cancellation (104 gold, have
                  | 68).
  1908 | D:3      | 1908 ||| BUYING potion of curing (39 gold).
  1908 | D:3      | Bought a potion of curing for 39 gold pieces
  1908 | D:3      | 1908 ||| SHOPLISTING potion of curing (39 gold, have 29).
  1908 | D:3      | 1908 ||| SHOPLISTING potion of haste (130 gold, have 29).
  1908 | D:3      | 1908 ||| SHOPLISTING potion of heal wounds (65 gold, have
                  | 29).
  1908 | D:3      | 1908 ||| SHOPLISTING potion of lignification (39 gold, have
                  | 29).
  1908 | D:3      | 1908 ||| SHOPLISTING potion of mutation (104 gold, have
                  | 29).
  1910 | D:3      | 1910 ||| DROPPING +0 whip.
  2097 | D:3      | 2097 ||| Stepping ~*~*~tactically~*~*~ (stealth).
  2099 | D:3      | 2099 ||| Stepping ~*~*~tactically~*~*~ (stealth).
  2101 | D:3      | 2101 ||| Stepping ~*~*~tactically~*~*~ (hiding).
  2223 | D:3      | Noticed Ijyb
  2240 | D:3      | Killed Ijyb
  2241 | D:3      | Reached XP level 7. HP: 22/44 MP: 7/7
  2578 | D:3      | 2578 ||| UPGRADING to +0 cloak.
  2583 | D:3      | 2583 ||| READING scroll labelled GOCAOSTR XAXEM.
  2584 | D:3      | 2584 ||| READING 4 scrolls of identify.
  2584 | D:3      | 2584 ||| IDENTIFYING orange potion
  2655 | D:4      | Reached skill level 1 in Throwing
  2852 | D:4      | Found Wuomm's Armour Shop.
  3034 | D:4      | 3034 ||| BUYING +0 pair of gloves (49 gold).
  3034 | D:4      | Bought a +0 pair of gloves for 49 gold pieces
  3034 | D:4      | 3034 ||| SHOPLISTING +1 plate armour of fire resistance
                  | (385 gold, have 31).
  3034 | D:4      | 3034 ||| SHOPLISTING +2 ring mail of fire resistance (231
                  | gold, have 31).
  3035 | D:4      | 3035 ||| Stepping ~*~*~tactically~*~*~ (stealth).
  3063 | D:4      | 3063 ||| Stepping ~*~*~tactically~*~*~ (stealth).
  3075 | D:4      | 3075 ||| Stepping ~*~*~tactically~*~*~ (stealth).
  3076 | D:4      | 3076 ||| Stepping ~*~*~tactically~*~*~ (stealth).
  3083 | D:4      | 3083 ||| Stepping ~*~*~tactically~*~*~ (stealth).
  3084 | D:4      | 3084 ||| Stepping ~*~*~tactically~*~*~ (stealth).
  3086 | D:4      | 3086 ||| Stepping ~*~*~tactically~*~*~ (stealth).
  3576 | D:4      | Found a basalt altar of Yredelemnul.
  3578 | D:4      | 3578 ||| UPGRADING to +0 pair of boots.
  3583 | D:4      | 3583 ||| UPGRADING to +0 pair of gloves.
  3588 | D:4      | 3588 ||| READING 3 scrolls labelled GUDEID XURO.
  3589 | D:4      | 3589 ||| READING 5 scrolls of identify.
  3589 | D:4      | 3589 ||| IDENTIFYING glowing ruby potion
  3590 | D:4      | 3590 ||| READING 4 scrolls of identify.
  3590 | D:4      | 3590 ||| IDENTIFYING lumpy white potion
  3591 | D:4      | 3591 ||| READING 3 scrolls of identify.
  3591 | D:4      | 3591 ||| IDENTIFYING fuming yellow potion
  3592 | D:4      | 3592 ||| DROPPING potion of ambrosia.
  3593 | D:4      | 3593 ||| DROPPING 2 scrolls of noise.
  3594 | D:4      | 3594 ||| DROPPING potion of flight.
  3637 | D:5      | Entered Level 5 of the Dungeon
  3638 | D:5      | 3638 ||| STAIRDANCE
  3747 | D:5      | 3747 ||| STAIRDANCE
  3756 | D:4      | Reached skill level 6 in Fighting
  3756 | D:4      | Reached XP level 8. HP: 40/51 MP: 8/8
  3796 | D:5      | 3796 ||| STAIRDANCE
  3799 | D:4      | HP: 11/51 [ogre/+0 giant club (5)]
  3800 | D:4      | 3800 ||| READING scroll of teleportation.
  3801 | D:4      | 3801 ||| DRINKING potion of heal wounds.
  3934 | D:5      | 3934 ||| Stepping ~*~*~tactically~*~*~ (stealth).
  3937 | D:5      | 3937 ||| Stepping ~*~*~tactically~*~*~ (stealth).
  3969 | D:5      | 3969 ||| Stepping ~*~*~tactically~*~*~ (stealth).
  3973 | D:5      | 3973 ||| Stepping ~*~*~tactically~*~*~ (stealth).
  3994 | D:5      | 3994 ||| FLEEEEING.
  3995 | D:5      | 3995 ||| FLEEEEING.
  3996 | D:5      | 3996 ||| FLEEEEING.
  3997 | D:5      | 3997 ||| FLEEEEING.
  3998 | D:5      | 3998 ||| FLEEEEING.
  3999 | D:5      | 3999 ||| FLEEEEING.
  4000 | D:5      | 4000 ||| FLEEEEING.
  4001 | D:5      | 4001 ||| FLEEEEING.
  4002 | D:5      | 4002 ||| FLEEEEING.
  4003 | D:5      | 4003 ||| STAIRDANCE
  4217 | D:5      | Identified the +7 dagger of the Vanishing Bounties {speed,
                  | rF+ Int+3}
  4715 | D:5      | Noticed a wraith
  4782 | D:5      | 4782 ||| UPGRADING to +5 ring of evasion.
  4829 | D:5      | Reached XP level 9. HP: 49/57 MP: 9/9
  4831 | D:5      | Reached skill level 6 in Armour
  4864 | D:5      | 4864 ||| Stepping ~*~*~tactically~*~*~ (stealth).
  4878 | D:5      | 4878 ||| FLEEEEING.
  4913 | D:5      | Identified the staff of poison "Naskuynn" {rPois MP+9
                  | Str+3}
  5075 | D:5      | 5075 ||| DRINKING potion of experience.
  5075 | D:5      | Reached XP level 10. HP: 64/64 MP: 10/10
  5304 | D:5      | 5304 ||| READING scroll labelled EFUENT WULAC.
  5550 | D:6      | 5550 ||| DRINKING 3 potions of curing.
  5550 | D:6      | 5550 ||| (to cure confusion)
  5567 | D:6      | 5567 ||| DRINKING 2 potions of curing.
  5567 | D:6      | 5567 ||| (to cure confusion)
  5677 | D:6      | Found a hide-covered altar of Uskayaw.
  5867 | D:6      | Noticed Blork the orc
  5868 | D:6      | 5868 ||| Stepping ~*~*~tactically~*~*~ (hiding).
  5879 | D:6      | Killed Blork the orc
  5924 | D:6      | Found an opulent altar of Gozag.
  5924 | D:6      | Found a glowing silver altar of Zin.
  6209 | D:6      | 6209 ||| READING 6 scrolls of identify.
  6209 | D:6      | 6209 ||| IDENTIFYING sedimented emerald potion
  6210 | D:6      | 6210 ||| DROPPING potion of invisibility.
  6515 | D:7      | Found a staircase to the Ecumenical Temple.
  6516 | D:7      | 6516 ||| PLANNING TEMPLE
  6526 | Temple   | Entered the Ecumenical Temple
  6530 | Temple   | 6530 ||| PLANNING OKAWARU WORSHIP
  6624 | Temple   | Became a worshipper of Warmaster Okawaru
  6624 | Temple   | 6624 ||| PLANNING D:1-11
  6679 | D:7      | Reached skill level 11 in Axes
  6885 | D:6      | Reached * piety under Okawaru
  6886 | D:6      | 6886 ||| INVOKING Heroism.
  6899 | D:6      | Reached XP level 11. HP: 43/68 MP: 9/11
  6899 | D:6      | 6899 ||| INVOKING Heroism.
  6913 | D:6      | 6913 ||| INVOKING Heroism.
  6924 | D:6      | Reached skill level 1 in Invocations
  7440 | D:7      | You fall into a shaft and drop 3 floors!
  7440 | D:10     | Entered Level 10 of the Dungeon
  7446 | D:10     | 7446 ||| INVOKING Heroism.
  7581 | D:10     | Noticed a two-headed ogre
  7582 | D:10     | 7582 ||| INVOKING Heroism.
  7600 | D:10     | Killed a two-headed ogre
  7601 | D:10     | Reached skill level 9 in Fighting
  7601 | D:10     | Reached skill level 3 in Invocations
  7642 | D:10     | 7642 ||| Stepping ~*~*~tactically~*~*~ (stealth).
  7647 | D:10     | 7647 ||| Stepping ~*~*~tactically~*~*~ (stealth).
  7648 | D:10     | 7648 ||| Stepping ~*~*~tactically~*~*~ (stealth).
  7786 | D:10     | 7786 ||| UPGRADING to ring of positive energy.
  7787 | D:10     | 7787 ||| UPGRADING to +6 ring of dexterity.
  7789 | D:10     | 7789 ||| DROPPING ring of positive energy.
  7906 | D:9      | 7906 ||| DROPPING +0 flail.
  7947 | D:9      | 7947 ||| Stepping ~*~*~tactically~*~*~ (cloud).
  7948 | D:9      | 7948 ||| Stepping ~*~*~tactically~*~*~ (cloud).
  7951 | D:9      | 7951 ||| INVOKING Heroism.
  7955 | D:9      | 7955 ||| Stepping ~*~*~tactically~*~*~ (cloud).
  8061 | D:9      | 8061 ||| Stepping ~*~*~tactically~*~*~ (stealth).
  8087 | D:9      | 8087 ||| INVOKING Heroism.
  8089 | D:9      | Reached skill level 3 in Dodging
  8094 | D:9      | Reached ** piety under Okawaru
  8115 | D:9      | 8115 ||| INVOKING Heroism.
  8213 | D:9      | Found a white marble altar of Elyvilon.
  8225 | D:9      | 8225 ||| INVOKING Heroism.
  8309 | D:9      | Noticed a two-headed ogre
  8310 | D:9      | 8310 ||| INVOKING Heroism.
  8320 | D:9      | Killed a two-headed ogre
  8600 | D:9      | 8600 ||| Stepping ~*~*~tactically~*~*~ (stealth).
  8917 | D:8      | Noticed Psyche
  8918 | D:8      | 8918 ||| INVOKING Heroism.
  8929 | D:8      | Reached skill level 12 in Axes
  8940 | D:8      | Reached *** piety under Okawaru
  8940 | D:8      | Killed Psyche
  9110 | D:8      | 9110 ||| INVOKING Heroism.
  9152 | D:8      | 9152 ||| FLEEEEING.
  9153 | D:8      | 9153 ||| STAIRDANCE
  9202 | D:7      | 9202 ||| INVOKING Heroism.
  9203 | D:7      | 9203 ||| Stepping ~*~*~tactically~*~*~ (cloud).
  9204 | D:7      | 9204 ||| Stepping ~*~*~tactically~*~*~ (hiding).
  9211 | D:7      | Reached XP level 12. HP: 75/76 MP: 13/15
  9211 | D:7      | 9211 ||| Stepping ~*~*~tactically~*~*~ (cloud).
  9398 | D:8      | 9398 ||| Stepping ~*~*~tactically~*~*~ (stealth).
  9401 | D:8      | 9401 ||| Stepping ~*~*~tactically~*~*~ (stealth).
  9412 | D:8      | Found a staircase to the Lair.
  9434 | D:8      | 9434 ||| Stepping ~*~*~tactically~*~*~ (hiding).
  9440 | D:8      | 9440 ||| INVOKING Heroism.
  9452 | D:8      | 9452 ||| Stepping ~*~*~tactically~*~*~ (cloud).
  9481 | D:8      | Found Jochu's Antique Weapon Shop.
  9545 | D:8      | Noticed Amaemon
  9546 | D:8      | 9546 ||| Stepping ~*~*~tactically~*~*~ (hiding).
  9547 | D:8      | 9547 ||| INVOKING Heroism.
  9565 | D:8      | Killed Amaemon
  9586 | D:8      | 9586 ||| DROPPING +3 morningstar.
  9616 | D:8      | Noticed Prince Ribbit
  9624 | D:8      | Killed Prince Ribbit
  9687 | D:8      | Found an ancient bone altar of Kikubaaqudgha.
  9717 | D:8      | 9717 ||| Stepping ~*~*~tactically~*~*~ (hiding).
  9718 | D:8      | 9718 ||| Stepping ~*~*~tactically~*~*~ (hiding).
  9781 | D:8      | Noticed Joseph
  9794 | D:8      | Killed Joseph
  9853 | D:8      | 9853 ||| INVOKING Heroism.
  9996 | D:8      | 9996 ||| INVOKING Heroism.
 10193 | D:8      | 10193 ||| PLANNING LAIR
 10193 | D:8      | 10193 ||| READING scroll labelled NITESHRO FIULOU.
 10194 | D:8      | 10194 ||| READING 7 scrolls of identify.
 10194 | D:8      | 10194 ||| IDENTIFYING grey potion
 10195 | D:8      | 10195 ||| DROPPING potion of degeneration.
 10201 | Lair:1   | Entered Level 1 of the Lair of Beasts
 10226 | Lair:1   | Noticed Gastronok
 10227 | Lair:1   | 10227 ||| INVOKING Heroism.
 10246 | Lair:1   | Killed Gastronok
 10247 | Lair:1   | Reached skill level 13 in Axes
 10454 | Lair:1   | 10454 ||| INVOKING Heroism.
 10601 | Lair:1   | 10601 ||| INVOKING Heroism.
 10894 | Lair:1   | You fall into a shaft and drop 1 floor!
 10895 | Lair:2   | 10895 ||| DRINKING 2 blue potions.
 10896 | Lair:2   | 10896 ||| READING 7 scrolls of identify.
 10896 | Lair:2   | 10896 ||| IDENTIFYING sapphire potion
 10897 | Lair:2   | 10897 ||| DROPPING potion of brilliance.
 11011 | Lair:1   | 11011 ||| INVOKING Heroism.
 11020 | Lair:1   | Reached skill level 9 in Armour
 11040 | Lair:1   | 11040 ||| INVOKING Heroism.
 11464 | Lair:1   | 11464 ||| DROPPING amulet of guardian spirit.
 11894 | Lair:2   | Found a staircase to the Snake Pit.
 11895 | Lair:2   | 11895 ||| Stepping ~*~*~tactically~*~*~ (hiding).
 11897 | Lair:2   | 11897 ||| Stepping ~*~*~tactically~*~*~ (hiding).
 11898 | Lair:2   | 11898 ||| Stepping ~*~*~tactically~*~*~ (hiding).
 11911 | Lair:2   | Reached **** piety under Okawaru
 12038 | Lair:2   | 12038 ||| INVOKING Heroism.
 12204 | Lair:2   | 12204 ||| READING scroll of brand weapon.
 12204 | Lair:2   | 12204 ||| BRANDING +0 war axe of venom.
 12334 | Lair:2   | 12334 ||| DROPPING +1 ring mail of cold resistance.
 12335 | Lair:2   | 12335 ||| DRINKING 2 fizzy cyan potions.
 12335 | Lair:2   | Gained mutation: Potions are less effective at restoring
                  | your health. [potion of mutation]
 12335 | Lair:2   | Gained mutation: Your skin changes colour to match your
                  | surroundings (Stealth+). [potion of mutation]
 12336 | Lair:2   | 12336 ||| DRINKING potion of mutation.
 12336 | Lair:2   | Lost mutation: Your skin changes colour to match your
                  | surroundings (Stealth+). [potion of mutation]
 12336 | Lair:2   | Lost mutation: Potions are less effective at restoring your
                  | health. [potion of mutation]
 12336 | Lair:2   | Gained mutation: Your flesh is heat resistant. (rF+)
                  | [potion of mutation]
 12336 | Lair:2   | Gained mutation: You occasionally shout uncontrollably at
                  | your foes. [potion of mutation]
 12336 | Lair:2   | Gained mutation: Your spells are a little easier to cast,
                  | but a little less powerful. [potion of mutation]
 12336 | Lair:2   | Gained mutation: You are partially covered in iridescent
                  | scales. (AC +2) [potion of mutation]
 12387 | Lair:3   | Found a staircase to the Shoals.
 12437 | Lair:3   | Reached XP level 13. HP: 75/82 MP: 16/16
 12577 | Lair:3   | Received a gift from Okawaru
 12611 | Lair:3   | 12611 ||| INVOKING Heroism.
 12615 | Lair:3   | 12615 ||| SWAPPING to +1 demon whip of venom.
 12626 | Lair:3   | 12626 ||| SWAPPING to +0 war axe of freezing.
 12822 | Lair:3   | 12822 ||| INVOKING Heroism.
 12826 | Lair:3   | Reached skill level 14 in Axes
 13027 | Lair:3   | 13027 ||| DROPPING ring of magical power.
 13028 | Lair:3   | 13028 ||| READING 8 scrolls of identify.
 13028 | Lair:3   | 13028 ||| IDENTIFYING purple potion
 13081 | Lair:4   | 13081 ||| INVOKING Heroism.
 13206 | Lair:4   | 13206 ||| INVOKING Heroism.
 13262 | Lair:4   | 13262 ||| Stepping ~*~*~tactically~*~*~ (stealth).
 13296 | Lair:4   | 13296 ||| Stepping ~*~*~tactically~*~*~ (stealth).
 13308 | Lair:4   | 13308 ||| INVOKING Heroism.
 13312 | Lair:4   | 13312 ||| SWAPPING to +1 demon whip of venom.
 13325 | Lair:4   | 13325 ||| SWAPPING to +0 war axe of freezing.
 13483 | Lair:4   | Found a viscous altar of Jiyva.
 13483 | Lair:4   | Found a staircase to the Slime Pits.
 13519 | Lair:4   | 13519 ||| INVOKING Heroism.
 13536 | Lair:4   | Reached skill level 6 in Invocations
 13547 | Lair:4   | 13547 ||| INVOKING Heroism.
 13553 | Lair:4   | HP: 21/84 [death yak (15)]
 13554 | Lair:4   | 13554 ||| READING 2 scrolls of teleportation.
 13555 | Lair:4   | 13555 ||| DRINKING 3 potions of heal wounds.
 13557 | Lair:4   | Reached ***** piety under Okawaru
 13756 | Lair:4   | 13756 ||| Stepping ~*~*~tactically~*~*~ (stealth).
 13757 | Lair:4   | 13757 ||| INVOKING Heroism.
 13759 | Lair:4   | 13759 ||| INVOKING Finesse.
 13770 | Lair:4   | 13770 ||| SWAPPING to +1 demon whip of venom.
 13776 | Lair:4   | 13776 ||| SWAPPING to +0 war axe of freezing.
 13867 | Lair:4   | 13867 ||| INVOKING Heroism.
 13868 | Lair:4   | 13868 ||| SWAPPING to +1 demon whip of venom.
 13869 | Lair:4   | 13869 ||| INVOKING Finesse.
 13876 | Lair:4   | 13876 ||| SWAPPING to +0 war axe of freezing.
 13883 | Lair:4   | Received a gift from Okawaru
 13958 | Lair:4   | 13958 ||| Stepping ~*~*~tactically~*~*~ (stealth).
 14521 | Lair:4   | Found a runed translucent door.
 14526 | Lair:4   | Noticed qw's ghost (journeyman GrFi)
 14771 | Lair:4   | 14771 ||| DROPPING +0 scale mail of cold resistance.
 14772 | Lair:4   | 14772 ||| UPGRADING to +1 plate armour of cold resistance.
 14782 | Lair:4   | 14782 ||| DROPPING +0 chain mail.
 14783 | Lair:4   | 14783 ||| UPGRADING to +0 kite shield.
 14793 | Lair:4   | 14793 ||| DROPPING +0 buckler.
 14794 | Lair:4   | 14794 ||| READING scroll labelled LAITUA WIEWN.
 14875 | Lair:5   | Entered Level 5 of the Lair of Beasts
 14875 | Lair:5   | Found a transporter.
 14927 | Lair:5   | Gained mutation: Your large and strong wings let you fly.
                  | [Gargoyle growth]
 14927 | Lair:5   | Reached XP level 14. HP: 74/90 MP: 20/20
 14929 | Lair:5   | 14929 ||| INVOKING Heroism.
 15075 | Lair:5   | Noticed a dire elephant
 15075 | Lair:5   | Noticed a dire elephant
 15075 | Lair:5   | Noticed a dire elephant
 15075 | Lair:5   | Noticed a dire elephant
 15076 | Lair:5   | 15076 ||| INVOKING Heroism.
 15088 | Lair:5   | Killed a dire elephant
 15117 | Lair:5   | Noticed a dire elephant
 15118 | Lair:5   | 15118 ||| FLEEEEING.
 15119 | Lair:5   | 15119 ||| FLEEEEING.
 15120 | Lair:5   | 15120 ||| FLEEEEING.
 15121 | Lair:5   | 15121 ||| FLEEEEING.
 15122 | Lair:5   | 15122 ||| FLEEEEING.
 15123 | Lair:5   | 15123 ||| FLEEEEING.
 15124 | Lair:5   | 15124 ||| FLEEEEING.
 15125 | Lair:5   | 15125 ||| FLEEEEING.
 15126 | Lair:5   | 15126 ||| FLEEEEING.
 15127 | Lair:5   | 15127 ||| FLEEEEING.
 15128 | Lair:5   | 15128 ||| FLEEEEING.
 15129 | Lair:5   | 15129 ||| FLEEEEING.
 15130 | Lair:5   | 15130 ||| FLEEEEING.
 15130 | Lair:5   | Noticed qw's ghost (journeyman GrFi)
 15131 | Lair:5   | 15131 ||| FLEEEEING.
 15133 | Lair:5   | 15133 ||| FLEEEEING.
 15134 | Lair:5   | 15134 ||| FLEEEEING.
 15135 | Lair:5   | 15135 ||| FLEEEEING.
 15136 | Lair:5   | 15136 ||| FLEEEEING.
 15137 | Lair:5   | 15137 ||| FLEEEEING.
 15138 | Lair:5   | 15138 ||| FLEEEEING.
 15139 | Lair:5   | 15139 ||| FLEEEEING.
 15140 | Lair:5   | 15140 ||| FLEEEEING.
 15141 | Lair:5   | 15141 ||| FLEEEEING.
 15142 | Lair:5   | 15142 ||| STAIRDANCE
 15371 | Lair:5   | 15371 ||| INVOKING Heroism.
 15380 | Lair:5   | Killed a dire elephant
 15556 | Lair:5   | Reached skill level 9 in Invocations
 15608 | Lair:5   | 15608 ||| INVOKING Heroism.
 15685 | Lair:5   | 15685 ||| Stepping ~*~*~tactically~*~*~ (stealth).
 15691 | Lair:5   | 15691 ||| INVOKING Heroism.
 15727 | Lair:5   | 15727 ||| INVOKING Heroism.
 15907 | Lair:5   | Found a transporter.
 15934 | Lair:5   | Noticed Sonja
 15943 | Lair:5   | Killed Sonja
 16165 | Lair:5   | 16165 ||| INVOKING Heroism.
 16176 | Lair:5   | 16176 ||| Stepping ~*~*~tactically~*~*~ (hiding).
 16180 | Lair:5   | 16180 ||| Stepping ~*~*~tactically~*~*~ (hiding).
 16183 | Lair:5   | 16183 ||| INVOKING Heroism.
 16217 | Lair:5   | 16217 ||| INVOKING Heroism.
 16292 | Lair:5   | 16292 ||| FLEEEEING.
 16295 | Lair:5   | 16295 ||| FLEEEEING.
 16298 | Lair:5   | 16298 ||| FLEEEEING.
 16299 | Lair:5   | 16299 ||| FLEEEEING.
 16300 | Lair:5   | 16300 ||| FLEEEEING.
 16304 | Lair:5   | 16304 ||| STAIRDANCE
 16464 | Lair:4   | 16464 ||| DROPPING scarf of harm.
 16652 | Lair:5   | 16652 ||| Stepping ~*~*~tactically~*~*~ (hiding).
 16654 | Lair:5   | 16654 ||| INVOKING Heroism.
 16797 | Lair:5   | Reached skill level 3 in Throwing
 16801 | Lair:5   | 16801 ||| INVOKING Heroism.
 16891 | Lair:5   | Identified the +7 whip of the Lusting Gods {heavy, Str+3}
 16947 | Lair:5   | Received a gift from Okawaru
 16958 | Lair:5   | 16958 ||| INVOKING Heroism.
 17043 | Lair:5   | 17043 ||| INVOKING Heroism.
 17044 | Lair:5   | 17044 ||| Stepping ~*~*~tactically~*~*~ (hiding).
 17058 | Lair:5   | Reached skill level 12 in Shields
 17077 | Lair:5   | Killed a dire elephant
 17083 | Lair:5   | HP: 19/90 [dire elephant (7)]
 17084 | Lair:5   | 17084 ||| READING scroll of teleportation.
 17085 | Lair:5   | 17085 ||| DRINKING 2 potions of heal wounds.
 17333 | Lair:5   | 17333 ||| Stepping ~*~*~tactically~*~*~ (stealth).
 17335 | Lair:5   | 17335 ||| INVOKING Heroism.
 17358 | Lair:5   | Killed a dire elephant
 17463 | Lair:5   | 17463 ||| INVOKING Heroism.
 17582 | Lair:5   | 17582 ||| READING scroll of enchant armour.
 17582 | Lair:5   | 17582 ||| ENCHANTING +0 pair of gloves.
 17651 | Lair:5   | 17651 ||| PLANNING D:1-11
 18061 | D:10     | 18061 ||| Stepping ~*~*~tactically~*~*~ (hiding).
 18062 | D:10     | 18062 ||| Stepping ~*~*~tactically~*~*~ (hiding).
 18067 | D:10     | 18067 ||| INVOKING Heroism.
 18071 | D:10     | Reached skill level 15 in Axes
 18236 | D:10     | Found a shadowy altar of Dithmenos.
 18314 | D:10     | Found a glowing golden altar of the Shining One.
 18372 | D:10     | Noticed Maggie
 18398 | D:10     | Killed Maggie
 18454 | D:10     | 18454 ||| FLEEEEING.
 18505 | D:10     | 18505 ||| Stepping ~*~*~tactically~*~*~ (stealth).
 18506 | D:10     | Noticed Lodul
 18507 | D:10     | 18507 ||| Stepping ~*~*~tactically~*~*~ (stealth).
 18517 | D:10     | 18517 ||| Stepping ~*~*~tactically~*~*~ (stealth).
 18523 | D:10     | 18523 ||| Stepping ~*~*~tactically~*~*~ (stealth).
 18525 | D:10     | 18525 ||| Stepping ~*~*~tactically~*~*~ (hiding).
 18526 | D:10     | 18526 ||| Stepping ~*~*~tactically~*~*~ (hiding).
 18528 | D:10     | 18528 ||| Stepping ~*~*~tactically~*~*~ (hiding).
 18529 | D:10     | 18529 ||| Stepping ~*~*~tactically~*~*~ (hiding).
 18551 | D:10     | Killed Lodul
 18755 | D:10     | 18755 ||| READING scroll of enchant armour.
 18755 | D:10     | 18755 ||| ENCHANTING +1 pair of gloves.
 18985 | D:11     | Found Joigym's Armour Shop.
 18990 | D:11     | 18990 ||| BUYING +3 plate armour of cold resistance (630
                  | gold).
 18990 | D:11     | Bought a +3 plate armour of cold resistance for 630 gold
                  | pieces
 19023 | D:11     | 19023 ||| Stepping ~*~*~tactically~*~*~ (hiding).
 19025 | D:11     | 19025 ||| Stepping ~*~*~tactically~*~*~ (hiding).
 19045 | D:11     | 19045 ||| Stepping ~*~*~tactically~*~*~ (hiding).
 19047 | D:11     | 19047 ||| Stepping ~*~*~tactically~*~*~ (hiding).
 19075 | D:11     | 19075 ||| Stepping ~*~*~tactically~*~*~ (stealth).
 19097 | D:11     | 19097 ||| INVOKING Heroism.
 19144 | D:11     | 19144 ||| FLEEEEING.
 19145 | D:11     | 19145 ||| FLEEEEING.
 19146 | D:11     | 19146 ||| FLEEEEING.
 19147 | D:11     | 19147 ||| FLEEEEING.
 19149 | D:11     | 19149 ||| FLEEEEING.
 19150 | D:11     | 19150 ||| FLEEEEING.
 19151 | D:11     | 19151 ||| STAIRDANCE
 19180 | D:10     | 19180 ||| UPGRADING to +3 plate armour of cold resistance.
 19190 | D:10     | 19190 ||| DROPPING +1 plate armour of cold resistance.
 19208 | D:11     | 19208 ||| Stepping ~*~*~tactically~*~*~ (stealth).
 19213 | D:11     | 19213 ||| Stepping ~*~*~tactically~*~*~ (hiding).
 19403 | D:11     | Found Orofre's Jewellery Shoppe.
 19412 | D:11     | 19412 ||| BUYING +4 ring of protection (432 gold).
 19412 | D:11     | Bought a +4 ring of protection for 432 gold pieces
 19412 | D:11     | 19412 ||| BUYING amulet of regeneration (360 gold).
 19412 | D:11     | Bought an amulet of regeneration for 360 gold pieces
 19412 | D:11     | 19412 ||| SHOPLISTING ring "Gyah" {*Slow rCorr Str+3 Dex+8}
                  | (534 gold, have 48).
 19412 | D:11     | 19412 ||| SHOPLISTING ring of ice (300 gold, have 48).
 19451 | D:11     | Identified the ring "Kiuhat Vogoe" {rF+ Dex+6}
 19476 | D:11     | Found a staircase to the Orcish Mines.
 19493 | D:11     | Reached skill level 12 in Fighting
 19498 | D:11     | Found a shimmering altar of Xom.
 19501 | D:11     | Found a shimmering altar of Xom.
 19512 | D:11     | Reached XP level 15. HP: 87/96 MP: 22/22
 19549 | D:11     | 19549 ||| Stepping ~*~*~tactically~*~*~ (hiding).
 19552 | D:11     | 19552 ||| Stepping ~*~*~tactically~*~*~ (hiding).
 19553 | D:11     | 19553 ||| Stepping ~*~*~tactically~*~*~ (hiding).
 19573 | D:11     | 19573 ||| FLEEEEING.
 19587 | D:11     | 19587 ||| FLEEEEING.
 19588 | D:11     | 19588 ||| FLEEEEING.
 19616 | D:11     | Found a shimmering altar of Xom.
 19616 | D:11     | Found a shimmering altar of Xom.
 19616 | D:11     | Found a shimmering altar of Xom.
 19616 | D:11     | Found a shimmering altar of Xom.
 19617 | D:11     | Found a shimmering altar of Xom.
 19618 | D:11     | Found a shimmering altar of Xom.
 19618 | D:11     | Found a shimmering altar of Xom.
 19742 | D:11     | Found Goisekkenic's Book Shoppe.
 19857 | D:11     | 19857 ||| PLANNING D
 19857 | D:11     | 19857 ||| UPGRADING to amulet of regeneration.
 19862 | D:11     | 19862 ||| UPGRADING to +4 ring of protection.
 19864 | D:11     | 19864 ||| DROPPING +6 ring of dexterity.
 19865 | D:11     | 19865 ||| READING scroll labelled COEMISO BUCANU.
 19932 | D:12     | 19932 ||| INVOKING Heroism.
 19972 | D:12     | 19972 ||| Stepping ~*~*~tactically~*~*~ (hiding).
 19995 | D:12     | 19995 ||| Stepping ~*~*~tactically~*~*~ (stealth).
 19996 | D:12     | 19996 ||| Stepping ~*~*~tactically~*~*~ (stealth).
 19997 | D:12     | 19997 ||| Stepping ~*~*~tactically~*~*~ (stealth).
 20036 | D:12     | 20036 ||| INVOKING Heroism.
 20061 | D:12     | HP: 16/96 [skeletal warrior/+2 long sword of draining (13)]
 20062 | D:12     | 20062 ||| DRINKING potion of heal wounds.
 20179 | D:12     | 20179 ||| Stepping ~*~*~tactically~*~*~ (stealth).
 20456 | D:12     | 20456 ||| READING scroll labelled ANGETE WAUMUEH.
 20565 | D:13     | Identified the +1 robe of the Trees {Will+ Dex+2}
 20604 | D:13     | 20604 ||| Stepping ~*~*~tactically~*~*~ (hiding).
 20672 | D:13     | 20672 ||| Stepping ~*~*~tactically~*~*~ (hiding).
 20792 | D:13     | Found Tety's Weapon Shoppe.
 20813 | D:13     | 20813 ||| Stepping ~*~*~tactically~*~*~ (hiding).
 20815 | D:13     | 20815 ||| Stepping ~*~*~tactically~*~*~ (hiding).
 20979 | D:13     | 20979 ||| Stepping ~*~*~tactically~*~*~ (hiding).
 21007 | D:13     | 21007 ||| Stepping ~*~*~tactically~*~*~ (stealth).
 21038 | D:13     | 21038 ||| Stepping ~*~*~tactically~*~*~ (stealth).
 21041 | D:13     | Found the +8 storm bow {elec, penet}
 21043 | D:13     | 21043 ||| Stepping ~*~*~tactically~*~*~ (hiding).
 21054 | D:13     | Received a gift from Okawaru
 21087 | D:13     | 21087 ||| Stepping ~*~*~tactically~*~*~ (stealth).
 21107 | D:13     | 21107 ||| Stepping ~*~*~tactically~*~*~ (hiding).
 21109 | D:13     | 21109 ||| Stepping ~*~*~tactically~*~*~ (hiding).
 21137 | D:13     | 21137 ||| Stepping ~*~*~tactically~*~*~ (stealth).
 21165 | D:13     | 21165 ||| Stepping ~*~*~tactically~*~*~ (stealth).
 21167 | D:13     | 21167 ||| Stepping ~*~*~tactically~*~*~ (stealth).
 21286 | D:13     | Found a gate to the Vaults.
 21329 | D:13     | Received a gift from Okawaru
 21346 | D:13     | 21346 ||| Stepping ~*~*~tactically~*~*~ (hiding).
 21519 | D:13     | Found a portal to a secret trove of treasure.
 21881 | D:14     | 21881 ||| INVOKING Heroism.
 22096 | D:14     | 22096 ||| Stepping ~*~*~tactically~*~*~ (stealth).
 22098 | D:14     | 22098 ||| Stepping ~*~*~tactically~*~*~ (hiding).
 22336 | D:14     | Reached skill level 16 in Axes
 22379 | D:14     | 22379 ||| FLEEEEING.
 22380 | D:14     | 22380 ||| FLEEEEING.
 22381 | D:14     | 22381 ||| FLEEEEING.
 22385 | D:14     | 22385 ||| FLEEEEING.
 22386 | D:14     | 22386 ||| FLEEEEING.
 22816 | D:14     | 22816 ||| UPGRADING to +1 pair of boots.
 22826 | D:14     | 22826 ||| DROPPING +0 pair of boots.
 22886 | D:15     | Entered Level 15 of the Dungeon
 22962 | D:15     | 22962 ||| INVOKING Heroism.
 22981 | D:15     | 22981 ||| Stepping ~*~*~tactically~*~*~ (hiding).
 23003 | D:15     | Reached skill level 12 in Armour
 23145 | D:15     | 23145 ||| Stepping ~*~*~tactically~*~*~ (stealth).
 23146 | D:15     | 23146 ||| Stepping ~*~*~tactically~*~*~ (hiding).
 23147 | D:15     | 23147 ||| Stepping ~*~*~tactically~*~*~ (hiding).
 23148 | D:15     | 23148 ||| INVOKING Heroism.
 23191 | D:15     | 23191 ||| INVOKING Heroism.
 23276 | D:15     | 23276 ||| INVOKING Heroism.
 23293 | D:15     | 23293 ||| Stepping ~*~*~tactically~*~*~ (stealth).
 23294 | D:15     | 23294 ||| Stepping ~*~*~tactically~*~*~ (stealth).
 23337 | D:15     | Found a staircase to the Depths.
 23417 | D:15     | 23417 ||| INVOKING Heroism.
 23527 | D:15     | 23527 ||| INVOKING Heroism.
 23528 | D:15     | 23528 ||| SWAPPING to +1 demon whip of venom.
 23529 | D:15     | 23529 ||| INVOKING Finesse.
 23537 | D:15     | 23537 ||| SWAPPING to +1 war axe of freezing.
 23627 | D:15     | 23627 ||| INVOKING Heroism.
 23629 | D:15     | 23629 ||| READING 2 scrolls of teleportation.
 23684 | D:15     | 23684 ||| Stepping ~*~*~tactically~*~*~ (stealth).
 23839 | D:15     | 23839 ||| PLANNING ORC
 23968 | Orc:1    | Entered Level 1 of the Orcish Mines
 23994 | Orc:1    | 23994 ||| Stepping ~*~*~tactically~*~*~ (stealth).
 23996 | Orc:1    | 23996 ||| Stepping ~*~*~tactically~*~*~ (stealth).
 23997 | Orc:1    | 23997 ||| Stepping ~*~*~tactically~*~*~ (stealth).
 24045 | Orc:1    | 24045 ||| Stepping ~*~*~tactically~*~*~ (hiding).
 24046 | Orc:1    | 24046 ||| Stepping ~*~*~tactically~*~*~ (hiding).
 24048 | Orc:1    | 24048 ||| Stepping ~*~*~tactically~*~*~ (hiding).
 24049 | Orc:1    | 24049 ||| Stepping ~*~*~tactically~*~*~ (hiding).
 24050 | Orc:1    | 24050 ||| Stepping ~*~*~tactically~*~*~ (hiding).
 24051 | Orc:1    | 24051 ||| Stepping ~*~*~tactically~*~*~ (stealth).
 24052 | Orc:1    | 24052 ||| Stepping ~*~*~tactically~*~*~ (hiding).
 24055 | Orc:1    | 24055 ||| Stepping ~*~*~tactically~*~*~ (hiding).
 24071 | Orc:1    | 24071 ||| Stepping ~*~*~tactically~*~*~ (hiding).
 24073 | Orc:1    | 24073 ||| Stepping ~*~*~tactically~*~*~ (hiding).
 24074 | Orc:1    | 24074 ||| INVOKING Heroism.
 24085 | Orc:1    | Reached XP level 16. HP: 104/104 MP: 21/23
 24097 | Orc:1    | 24097 ||| Stepping ~*~*~tactically~*~*~ (stealth).
 24098 | Orc:1    | 24098 ||| Stepping ~*~*~tactically~*~*~ (stealth).
 24102 | Orc:1    | 24102 ||| Stepping ~*~*~tactically~*~*~ (stealth).
 24103 | Orc:1    | 24103 ||| Stepping ~*~*~tactically~*~*~ (stealth).
 24105 | Orc:1    | 24105 ||| Stepping ~*~*~tactically~*~*~ (stealth).
 24106 | Orc:1    | 24106 ||| Stepping ~*~*~tactically~*~*~ (stealth).
 24108 | Orc:1    | 24108 ||| Stepping ~*~*~tactically~*~*~ (hiding).
 24135 | Orc:1    | 24135 ||| Stepping ~*~*~tactically~*~*~ (hiding).
 24141 | Orc:1    | 24141 ||| INVOKING Heroism.
 24170 | Orc:1    | 24170 ||| Stepping ~*~*~tactically~*~*~ (hiding).
 24186 | Orc:1    | 24186 ||| Stepping ~*~*~tactically~*~*~ (hiding).
 24188 | Orc:1    | 24188 ||| INVOKING Heroism.
 24398 | Orc:1    | 24398 ||| Stepping ~*~*~tactically~*~*~ (hiding).
 24400 | Orc:1    | 24400 ||| DRINKING 2 potions of curing.
 24400 | Orc:1    | 24400 ||| (to cure confusion)
 24442 | Orc:1    | 24442 ||| INVOKING Heroism.
 24572 | Orc:2    | Entered Level 2 of the Orcish Mines
 24587 | Orc:1    | 24587 ||| Stepping ~*~*~tactically~*~*~ (hiding).
 24699 | Orc:2    | 24699 ||| Stepping ~*~*~tactically~*~*~ (stealth).
 24701 | Orc:2    | 24701 ||| Stepping ~*~*~tactically~*~*~ (hiding).
 24703 | Orc:2    | 24703 ||| INVOKING Heroism.
 24724 | Orc:2    | Reached skill level 6 in Throwing
 24934 | Orc:2    | Found a staircase to the Elven Halls.
 25017 | Orc:2    | 25017 ||| Stepping ~*~*~tactically~*~*~ (stealth).
 25020 | Orc:2    | 25020 ||| Stepping ~*~*~tactically~*~*~ (stealth).
 25024 | Orc:2    | 25024 ||| INVOKING Heroism.
 25055 | Orc:2    | 25055 ||| Stepping ~*~*~tactically~*~*~ (stealth).
 25057 | Orc:2    | 25057 ||| Stepping ~*~*~tactically~*~*~ (hiding).
 25061 | Orc:2    | 25061 ||| Stepping ~*~*~tactically~*~*~ (hiding).
 25062 | Orc:2    | 25062 ||| Stepping ~*~*~tactically~*~*~ (hiding).
 25072 | Orc:2    | 25072 ||| INVOKING Heroism.
 25129 | Orc:2    | 25129 ||| Stepping ~*~*~tactically~*~*~ (hiding).
 25195 | Orc:2    | 25195 ||| Stepping ~*~*~tactically~*~*~ (stealth).
 25199 | Orc:2    | 25199 ||| Stepping ~*~*~tactically~*~*~ (stealth).
 25202 | Orc:2    | 25202 ||| INVOKING Heroism.
 25339 | Orc:2    | 25339 ||| Stepping ~*~*~tactically~*~*~ (hiding).
 25347 | Orc:2    | 25347 ||| INVOKING Heroism.
 25366 | Orc:2    | Noticed Saint Roka
 25374 | Orc:2    | HP: 13/104 [Saint Roka/divine providence (14)]
 25375 | Orc:2    | 25375 ||| READING 2 scrolls of teleportation.
 25375 | Orc:2    | HP: 1/104 [orc high priest/divine providence (13)]
 25376 | Orc:2    | 25376 ||| DRINKING 3 potions of heal wounds.
 25377 | Orc:2    | 25377 ||| DRINKING 2 potions of heal wounds.
 25379 | Orc:2    | 25379 ||| DRINKING potion of heal wounds.
 25471 | Orc:2    | 25471 ||| FLEEEEING.
 25503 | Orc:2    | 25503 ||| INVOKING Heroism.
 25524 | Orc:2    | HP: 21/104 [orc knight/+0 war axe (10)]
 25525 | Orc:2    | 25525 ||| READING scroll of teleportation.
 25525 | Orc:2    | HP: 6/104 [orc knight/+0 halberd (16)]
 25525 | Orc:2    | Killed from afar by Saint Roka

Levels and vault maps discovered:
D:1:      dpeg_arrival_subterranean_lakeside_camping, layout_rooms,
          shapermc_ecumenical_altar_petra, serial_shops, shop, shop,
          minmay_tromino_v4_a
D:2:      layout_loops_cross, serial_shops, nicolae_shop_peninsula,
          minmay_misc_feat_five, uniq_terence, uniq_robin
D:3:      layout_loops_ring, nzn_hepliaklqana_mist_gate, serial_shops, shop,
          uniq_sigmund, uniq_ijyb
D:4:      layout_basic, lemuel_zombie_altar_yredelemnul, serial_shops,
          nicolae_shop_tiny_glass
D:5:      kennysheep_windowed_halls, layout_layer_cave
D:6:      minmay_klotski, layout_cave_pools,
          grunt_temple_overflow_gold_and_silver, old_standard_altar,
          roderic_roman_lattice, hex_medium, minmay_small_thing,
          uniq_blork_the_orc
D:7:      layout_cave_pools, temple_pool_b, uniq_crazy_yiuf_cottage
D:8:      cheibrodos_statue_roulette, layout_cave_pools, lemuel_tele_altar,
          hellmonk_lair_entry_icy, serial_shops, nicolae_lakefront_shop,
          uniq_joseph, uniq_prince_ribbit1, uniq_amaemon, uniq_psyche
D:9:      layout_stronghold, mainiacjoe_overflow_boulevard
D:10:     layout_stronghold, marbit_many_paths, grunt_dithmenos_shadows,
          nicolae_wwwww, uniq_lodul, uniq_maggie
D:11:     layout_irregular_city, orc_0_dummy, serial_shops, shop, shop, shop,
          xom_shifter_show
D:12:     layout_rooms, lemuel_freeze_loot_1
D:13:     minmay_shoctagon, layout_layer_cave, david_vaults_2,
          nicolae_trove_entry_crystal, serial_shops, nicolae_shop_peninsula
D:14:     layout_basic, serial_glass, glass_columns_a, glass_columns_a,
          chequers_serial_rivers_micro_b
D:15:     hangedman_depths_entry_civil_slaughter, layout_basic,
          minmay_fountain_box
Temple:   dshaligram_water_room_temple
Lair:1:   layout_cave_pods, grunt_megastairs_1, uniq_gastronok
Lair:2:   layout_regular_city, guppyfry_snake_entry_garden
Lair:3:   layout_loops_ring, shoals_dummy_entry
Lair:4:   nzn_winding_woodlands_stair_trap
          [nzn_winding_woodlands_5x15_sidewinder,
          nzn_winding_woodlands_5x15_twine, nzn_winding_woodlands_5x15_sawtooth,
          nzn_winding_woodlands_15x15_killbox,
          nzn_winding_woodlands_5x15_default,
          nzn_winding_woodlands_5x15_pathside_ponds,
          nzn_winding_woodlands_5x15_default], layout_cave_pods,
          nicolae_slime_entry_slimehenge, gammafunk_ghost_grave
Lair:5:   due_jungle_book, layout_gridlike, nicolae_volcano_entry_batcave,
          gammafunk_ghost_arena, chequers_serial_rivers_micro_a,
          kilobyte_rumbling_trees, uniq_sonja
Orc:1:    layout_diamond_mine, basic_altar, special_room [special_room_orc]
Orc:2:    st_orc_pillars, layout_caves, uniq_saint_roka

Skill      XL: |  1  2  3  4  5  6  7  8  9 10 11 12 13 14 15 16 |
---------------+-------------------------------------------------+-----
Axes           | 2 3 10 11 12 13 14 15 16 | 16.0
Fighting       | 4 5 6 7 8 9 10 11 12 13 | 13.4
Dodging        | 1 3 4 |  4.1
Throwing       | 1 2 4 5 6 |  6.0
Armour         | 4 5 6 7 9 11 12 13 | 13.0
Shields        | 4 11 12 13 | 13.5
Invocations    | 4 8 10 | 10.0

Action                     |  1- 3 |  4- 6 |  7- 9 | 10-12 | 13-15 | 16-18 || total
---------------------------+-------+-------+-------+-------+-------+-------++-------
  Melee: War axe           |    96 |   101 |   187 |   738 |  1377 |   283 ||  2782
         Unarmed           |       |    11 |       |    19 |       |       ||    30
         Demon whip        |       |       |       |       |    40 |       ||    40
  Throw: Boomerang         |    25 |    37 |    48 |    71 |   118 |       ||   299
         Javelin           |       |       |       |       |    72 |    20 ||    92
 Invoke: Heroism           |       |       |       |    23 |    37 |     9 ||    69
         Finesse           |       |       |       |       |     3 |       ||     3
    Use: Scroll            |     7 |     5 |     7 |     6 |     9 |     2 ||    36
         Potion            |     1 |     1 |     2 |     5 |     3 |     4 ||    16
   Stab: Distracted        |       |       |     1 |       |       |       ||     1
         Confused          |       |       |       |     3 |       |       ||     3
 Armour: Scale mail        |    67 |       |       |       |       |       ||    67
         Chain mail        |       |    33 |   121 |   267 |    95 |       ||   516
         Skin              |       |       |       |     2 |       |       ||     2
         Plate armour      |       |       |       |       |   462 |    99 ||   561
  Dodge: Dodged            |    63 |    26 |    85 |   363 |   568 |    77 ||  1182
  Block: Buckler           |    15 |    10 |    41 |   207 |    63 |       ||   336
         Kite shield       |       |       |       |       |   599 |   160 ||   759

Table legend:
 A = Non-vault XP
 B = Vault XP
 C = Vault XP percentage of total XP
 D = Non-vault monster count
 E = Vault monster count
 F = Vault count percentage of total count
                 A         B        C        D         E       F
            +---------+---------+-------+---------+---------+-------
      Total |   83285 |   59664 |  41.7 |     434 |     267 |  38.1
            +---------+---------+-------+---------+---------+-------
        D:1 |      42 |      14 |  25.0 |      23 |       8 |  25.8
        D:2 |     175 |      71 |  28.9 |      25 |      12 |  32.4
        D:3 |      31 |     261 |  89.4 |      17 |       2 |  10.5
        D:4 |     465 |      76 |  14.0 |      18 |       2 |  10.0
        D:5 |     425 |    1295 |  75.3 |      13 |      20 |  60.6
        D:6 |    1335 |    2785 |  67.6 |      34 |      19 |  35.8
        D:7 |    1221 |       0 |   0.0 |      14 |       0 |   0.0
        D:8 |     789 |    5340 |  87.1 |       5 |      18 |  78.3
        D:9 |    5177 |       0 |   0.0 |      36 |       0 |   0.0
       D:10 |    2885 |    2557 |  47.0 |      23 |      12 |  34.3
       D:11 |    4590 |       0 |   0.0 |      32 |       0 |   0.0
       D:12 |    4823 |       0 |   0.0 |      14 |       0 |   0.0
       D:13 |    3818 |    4036 |  51.4 |      12 |      10 |  45.5
       D:14 |    6190 |       0 |   0.0 |      13 |       0 |   0.0
       D:15 |   18071 |    4100 |  18.5 |      32 |       6 |  15.8
     Lair:1 |    3988 |    1582 |  28.4 |      17 |       2 |  10.5
     Lair:2 |    2501 |     335 |  11.8 |      13 |       2 |  13.3
     Lair:3 |    3337 |       0 |   0.0 |       7 |       0 |   0.0
     Lair:4 |    9261 |    8354 |  47.4 |      18 |      29 |  61.7
     Lair:5 |    7827 |   17271 |  68.8 |      23 |      38 |  62.3
      Orc:1 |    3623 |    4243 |  53.9 |      33 |      24 |  42.1
      Orc:2 |    2711 |    7344 |  73.0 |      12 |      63 |  84.0
            +---------+---------+-------+---------+---------+-------
